 Dungeon Crawl Stone Soup version 0.18-a0-846-g91b95b1 (webtiles) character file.

160 BALLS the Magician (level 5, -9/28 HPs)
             Began as a Deep Elf Wizard on Dec 20, 2015.
             Killed by divine providence
             ... invoked by an orc priest
              (14 damage)
             ... on level 4 of the Dungeon.
             The game lasted 00:11:11 (3344 turns).

BALLS the Magician (Deep Elf Wizard)                Turns: 3344, Time: 00:11:11

Health: -9/28      AC:  3    Str:  4    XL:     5   Next: 17%
Magic:  1/15       EV: 12    Int: 24    God:
Gold:   131        SH:  0    Dex: 13    Spells: 5 memorised, 5 levels left

rFire  . . .     SeeInvis .     (no weapon)
rCold  . . .     Gourm    .     a - +0 robe
rNeg   . . .     Faith    .     (no shield)
rPois  .         Spirit   .     b - +0 hat
rElec  .         Dismiss  .     k - +0 cloak
rCorr  .         Reflect  .     (no gloves)
SustAt .         Harm     .     (no boots)
MR     .....                    (no amulet)
Stlth  ++........               (no ring)
                                (no ring)

@: drained, not resistant to hostile enchantments, unstealthy
A: no striking features
a: no special abilities


You were on level 4 of the Dungeon.
You were not hungry.

You visited 1 branch of the dungeon, and saw 4 of its levels.

You collected 131 gold pieces.

Inventory:

Armour
 a - a +0 robe (worn)
 b - a +0 hat (worn)
 k - a +0 cloak (worn)
Jewellery
 e - an uncursed ring of protection from cold {unknown}
 s - an uncursed amulet of harm
Scrolls
 f - 2 scrolls of random uselessness {unknown}
 g - 2 scrolls of fear
 l - 3 scrolls of teleportation
 p - 3 scrolls of remove curse {unknown}
 q - a scroll of blinking {unknown}
 r - a scroll of recharging {unknown}
 w - a scroll of identify
Potions
 h - 2 potions of lignification
 j - a potion of curing
 t - a potion of poison {unknown}
 u - a potion of mutation {unknown}
Books
 c - a book of Minor Magic

   Spells                             Type                      Level
   a - Magic Dart                     Conjuration                  1
   b - Blink                          Translocation                2
   c - Call Imp                       Summoning                    2
   d - Repel Missiles                 Charms/Air                   2
   e - Slow                           Hexes                        2
   f - Conjure Flame                  Conjuration/Fire             3
   g - Mephitic Cloud                 Conjuration/Poison/Air       3
Comestibles
 d - a bread ration
 m - 3 fruits
 n - a chunk of flesh
 o - a slice of pizza
 v - a meat ration
 x - a beef jerky


   Skills:
 - Level 2.4(1.5) Dodging
 - Level 2.4(1.5) Stealth
 - Level 6.1(5.1) Spellcasting
 + Level 4.3(3.4) Conjurations
   Level 1.1(0.2) Summonings
 - Level 1.1(0.2) Translocations


You had 5 spell levels left.
You knew the following spells:

 Your Spells              Type           Power        Failure   Level  Hunger
a - Magic Dart            Conj           ###.         1%          1    None
b - Blink                 Tloc           N/A          12%         2    None
c - Repel Missiles        Chrm/Air       #.....       14%         2    None
d - Conjure Flame         Conj/Fire      ##......     14%         3    ##.....
e - Mephitic Cloud        Conj/Pois/Air  ##......     21%         3    ##.....


Dungeon Overview and Level Annotations

Branches:
Dungeon (4/15)
 Temple: D:4-7

Altars:
Ashenzari
Kikubaaqudgha
Pakellas


Message History

Press: ? - help, Shift-Dir - straight line, f/p - orc priest
Aim: an orc priest, wearing a leather armour (severely wounded)
The magic dart hits the orc priest.
The orc priest is severely wounded.
The orc priest barely misses you.
You hit the orc priest but do no damage.
The orc priest is severely wounded.
The orc priest misses you.
You hit the orc priest but do no damage.
The orc priest is severely wounded.
The orc priest hits you.
* * * LOW HITPOINT WARNING * * *
You hit the orc priest but do no damage.
The orc priest is severely wounded.
The orc priest hits you.
* * * LOW HITPOINT WARNING * * *
The orc priest invokes the aid of Beogh against you.
Something smites you!
Ouch! That really hurt!
You die...

#.##......###. ##
#.##......# . ...
#.##......#.#....
#.##......#......
#.####......# #
#.# #...#.#..<...
#[# #...#.####...
#.###...#........
#@##.............
#.##.#..........#
#o##.###.........
#.#....<.........
#)#..#....#.####.
#.# #...##.# #..
..... ..
###)#...###.##
.#....


You could see an orc priest.

Vanquished Creatures
  4 adders
  4 gnolls (D:2)
  An ooze (D:3)
  A worm (D:2)
  4 giant geckos
  6 orcs
  A ball python (D:2)
  2 giant cockroaches
  5 goblins
  7 hobgoblins
  12 jackals
  8 kobolds
  4 quokkas
  7 bats
  4 giant newts
  4 rats
74 creatures vanquished.

Notes
Turn   | Place    | Note
--------------------------------------------------------------
     0 | D:1      | BALLS the Deep Elf Wizard began the quest for the Orb.
     0 | D:1      | Reached XP level 1. HP: 10/10 MP: 7/7
   216 | D:1      | Reached XP level 2. HP: 15/15 MP: 1/9
   247 | D:1      | Reached skill level 5 in Spellcasting
  1154 | D:2      | Learned a level 2 spell: Blink
  1157 | D:2      | Learned a level 2 spell: Repel Missiles
  1205 | D:2      | Reached XP level 3. HP: 19/19 MP: 8/12
  1210 | D:2      | Learned a level 3 spell: Conjure Flame
  1214 | D:2      | Learned a level 3 spell: Mephitic Cloud
  1515 | D:2      | Found a shattered altar of Ashenzari.
  1712 | D:2      | Reached skill level 6 in Spellcasting
  2125 | D:2      | Reached XP level 4. HP: 24/24 MP: 8/14
  2755 | D:3      | Reached XP level 5. HP: 28/28 MP: 10/15
  3053 | D:3      | Found an oddly glowing altar of Pakellas.
  3053 | D:3      | Noticed a seven-headed hydra
  3292 | D:4      | Found an ancient bone altar of Kikubaaqudgha.
  3344 | D:4      | Killed from afar by an orc priest

Vault maps used:
D:1:      dpeg_arrival_lava_temple_mockup
D:2:      evilmike_ruin_ashenzari
D:3:      gammafunk_pakellas_cloud_experiment, minivault_23,
          roderic_curled_sauvastika
D:4:      overflow_temple_1_default, minmay_temple_entry_purple_smoke,
          serial_shops, nicolae_shop_temple_entry_statues_fountains, first_bread

Action                   |  1- 3 |  4- 6 || total
-------------------------+-------+-------++-------
Melee: Unarmed           |     7 |     9 ||    16
 Cast: Magic Dart        |   107 |    89 ||   196
       Mephitic Cloud    |       |     1 ||     1
  Use: Scroll            |       |     5 ||     5
       Potion            |       |     1 ||     1
  Eat: Chunk             |     3 |     4 ||     7
